 Dungeon Crawl Stone Soup version 0.18.1-5-g4a78601 (webtiles) character file.

3678 esc the Thaumaturge (level 9, -1/49 HPs)
             Began as a Deep Elf Fire Elementalist on May 12, 2016.
             Was a Follower of Vehumet.
             Killed from afar by a hell hound (19 damage)
             ... with a blast of flame
             ... on level 9 of the Dungeon.
             The game lasted 00:37:05 (9942 turns).

esc the Thaumaturge (Deep Elf Fire Elementalist)    Turns: 9942, Time: 00:37:06

Health: -1/49      AC:  8    Str:  5    XL:     9   Next: 90%
Magic:  25/25      EV: 12    Int: 33    God:    Vehumet [*.....]
Gold:   267        SH:  0    Dex: 15    Spells: 5 memorised, 13 levels left

rFire  . . .     SeeInvis .     f - +0 dagger
rCold  . . .     Gourm    .     A - +3 leather armour of the Eleven Dances {-Tele rPois Int+3}
rNeg   . . .     Faith    .     (no shield)
rPois  +         Spirit   .     m - +0 helmet
rElec  .         Dismiss  .     (no cloak)
rCorr  .         Reflect  .     F - +0 pair of gloves
SustAt .         Harm     .     (no boots)
MR     .....     NoTele   +     (no amulet)
Stlth  ++........               C - ring of wizardry {Wiz+, !d}
                                p - +6 ring of intelligence

@: very slightly contaminated, invisible, not resistant to hostile enchantments,
unstealthy
A: no striking features
a: Renounce Religion


You were on level 9 of the Dungeon.
You worshipped Vehumet.
Vehumet was aware of your devotion.
You were not hungry.

You visited 2 branches of the dungeon, and saw 10 of its levels.

You collected 405 gold pieces.
You spent 138 gold pieces at shops.

Inventory:

Hand Weapons
 f - a +0 dagger (weapon)
   (You took it off a goblin on level 1 of the Dungeon)
Missiles
 d - 42 poisoned needles
 i - 184 stones (quivered)
 n - 17 tomahawks
Armour
 m - a +0 helmet (worn)
   (You took it off Robin on level 2 of the Dungeon)
 q - a +1 robe of magic resistance
   (You took it off Jessica on level 3 of the Dungeon)
 v - a +3 leather armour
   (You took it off an orc on level 6 of the Dungeon)
 A - the +3 leather armour of the Eleven Dances (worn) {-Tele rPois Int+3}
   (You found it on level 7 of the Dungeon)

   It affects your intelligence (+3).
   It protects you from poison.
   It prevents most forms of teleportation.
 F - a +0 pair of gloves (worn)
   (You found it on level 8 of the Dungeon)
Jewellery
 a - an uncursed ring of wizardry {Wiz+, !d}
   (You found it on level 8 of the Dungeon)
 g - a +3 ring of dexterity
   (You found it on level 1 of the Dungeon)
 h - a +5 ring of dexterity
   (You found it on level 5 of the Dungeon)
 p - a +6 ring of intelligence (left hand)
   (You found it on level 6 of the Dungeon)
 r - an uncursed ring of stealth {Stlth+}
   (You found it on level 6 of the Dungeon)
 C - a ring of wizardry (right hand) {Wiz+, !d}
   (You found it on level 7 of the Dungeon)
Wands
 j - a wand of lightning (7/15)
   (You found it on level 7 of the Dungeon)
 E - a wand of acid (3/15)
   (You found it on level 9 of the Dungeon)
Scrolls
 k - 5 scrolls of teleportation
 l - 2 scrolls of magic mapping {!r}
 s - 4 scrolls of enchant armour
 t - 3 scrolls of remove curse
Potions
 e - 4 potions of agility
 o - 2 potions of haste
 x - a potion of curing
 B - 5 potions of mutation {!q}
 D - 2 potions of might
Books
 b - a book of Flames
 y - a book of Transfigurations
   (You found it on level 7 of the Dungeon)
Comestibles
 c - 2 bread rations {@e1}
 u - 2 meat rations {@e2}


   Skills:
 - Level 2.3 Fighting
 - Level 3.1 Short Blades
 - Level 2.9 Dodging
 - Level 2.4 Stealth
 + Level 10.4 Spellcasting
 + Level 8.5 Conjurations
 + Level 9.1 Fire Magic


You had 13 spell levels left.
You knew the following spells:

 Your Spells              Type           Power        Failure   Level  Hunger
a - Flame Tongue          Conj/Fire      #####        1%          1    None
c - Conjure Flame         Conj/Fire      ######..     1%          3    None
f - Fireball              Conj/Fire      ######....   1%          5    ##.....
s - Sticky Flame          Conj/Fire      ######..     1%          4    None
x - Throw Flame           Conj/Fire      ######       1%          2    None


Dungeon Overview and Level Annotations

Branches:
Dungeon (9/15)             Temple (1/1) D:5
   Lair: D:8-11         Orc: D:9-12

Altars:
Ashenzari
Dithmenos
Elyvilon
Fedhas
Gozag
Kikubaaqudgha
Makhleb
Nemelex Xobeh
Okawaru
Pakellas
Qazlal
Ru
Trog
Vehumet
Xom
Yredelemnul
Zin
The Shining One

Shops:
D:4 ?   D:5 ?

Annotations:
D:4 exclusion: crimson imp
D:5 Kilrog's ghost, novice HuFi
D:6 Blork the orc
D:7 exclusion: centaur


Message History

Aim: a giant frog The flame tongue hits the crimson imp.
The crimson imp completely resists.
The crimson imp blinks!
You now have 22/25 mp.
Aim: a giant frog The puff of flame hits the giant frog.
You now have 20/25 mp.
Aim: a giant frog (severely wounded)
The puff of flame hits the giant frog.
The giant frog hits you.
You take 2 damage, and have 47/49 hp.
You now have 18/25 mp.
Aim: a giant frog (almost dead)
The puff of flame misses the giant frog.
You feel less vulnerable to hostile enchantments.
The giant frog barely misses you.
You now have 17/25 mp.
You hit the giant frog.
You kill the giant frog!
Vehumet accepts your kill.
You can't see any susceptible monsters within range! (Use Z to cast anyway.)
You can't see any susceptible monsters within range! (Use Z to cast anyway.)
You hear the faint creaking of a very distant portcullis.
Health restored: 49 You miss the crimson imp.
The crimson imp barely misses you.
You barely miss the crimson imp. The crimson imp hits you.
You take 3 damage, and have 46/49 hp.
You hit the crimson imp but do no damage.
The crimson imp barely misses you.
You hit the crimson imp but do no damage.
The crimson imp hits you but does no damage.
You hit the crimson imp but do no damage.
You miss the crimson imp. The crimson imp completely misses you.
You barely miss the crimson imp.
The crimson imp blinks!
The crimson imp blinks!
Aim: a crimson imp The bolt of acid hits the crimson imp.
The acid corrodes the crimson imp!
Evoking this partially-identified wand wasted a few charges.
Aim: a crimson imp (heavily wounded, covered in acid)
You hear a mighty clap of thunder!
The bolt of lightning misses the crimson imp.
Evoking this partially-identified wand wasted a few charges.
You hear a bark! x2; You hear an angry growl.
You hear a loud, deep croak!
You hear an angry hiss.
You hear a shout! x6
That item cannot be evoked!
Aim: a crimson imp (heavily wounded, covered in acid)
You hear a mighty clap of thunder!
The bolt of lightning misses the crimson imp.
Evoking this partially-identified wand wasted a few charges.
You can't see any susceptible monsters within range! (Use Z to cast anyway.)
You hit the crimson imp. The crimson imp misses you.
A hell hound comes into view.
You hit the crimson imp.
The crimson imp hits you but does no damage.
The hell hound moves out of view.
The crimson imp barely misses you.
Health restored: 49 The crimson imp blinks!
Read which item? (? for menu, Esc to quit)
You cannot teleport because you are wearing the +3 leather armour of the Eleven Dances {-Tele rPois Int+3}.
The hell hound bites you but does no damage.
You hit the hell hound. The hell hound bites you!
You take 11 damage, and have 38/49 hp.
MASSIVE DAMAGE!!
You hit the hell hound.
The hell hound bites you but does no damage.
You closely miss the hell hound. The hell hound bites you.
The hell hound barely misses you.
You closely miss the hell hound. The hell hound barely misses you.
A hell hound comes into view.
The hell hound barks!
You hit the hell hound. The hell hound breathes flames at you.
The blast of flame hits you!
You take 9 damage, and have 29/49 hp.
Unknown command.
The hell hound barely misses you.
The hell hound bites you but does no damage.
The crimson imp hits you but does no damage.
The crimson imp blinks!
MP restored: 25 The crimson imp blinks!
The hell hound barely misses you.
The hell hound bites you but does no damage.
The hell hound breathes flames at you. The blast of flame hits you!
The hell hound bites you but does no damage.
You take 2 damage, and have 28/49 hp.
Unknown command.
Drink which item? (? for menu, Esc to quit)
You fade into invisibility!
The hell hound bites you. The hell hound barely misses you. x2
You are very lightly contaminated with residual magic.
You take 5 damage, and have 23/49 hp.
Drink which item? (? for menu, Esc to quit)
Okay, then.
The hell hound bites you but does no damage.
The hell hound bites you.
You take 5 damage, and have 18/49 hp.
The hell hound barely misses you. The hell hound breathes flames at you.
The blast of flame hits you!
You die...

#......................
#########..#.>...........
#...###h................
#.....%.#.###...........
#...#......#............
####....##.....##.........
##....######...............
#...#....h.....#.###.......
#...5....h@................
#...################.......
##### ......... ...#.....<.
#####......: ........
##...... ##.....


You could see 2 hell hounds and a crimson imp.

Vanquished Creatures
  Erica (D:8)
  Pikel (D:7)
  Grum (D:8)
  A water moccasin (D:8)
  4 orc warriors
  An ice beast (D:5)
  3 ogres
  A black bear (D:6)
  A necrophage (D:8)
  A phantom (D:5)
  2 centaurs
  2 wolves (D:8)
  3 giant frogs
  2 scorpions
  A giant frog zombie (D:5)
  A centaur skeleton (D:7)
  3 hounds
  4 orc priests (D:8)
  2 orc wizards
  Jessica (D:3)
  2 iguanas (D:8)
  4 worker ants
  A hound skeleton (D:5)
  A howler monkey zombie (D:7)
  Robin (D:2)
  A howler monkey skeleton (D:7)
  3 gnolls (D:2)
  6 adders
  A shadow imp (D:7)
  An adder skeleton (D:5)
  A dart slug (D:2)
  2 worms
  2 giant geckos
  22 orcs
  A ball python (D:1)
  4 giant cockroaches
  14 goblins
  11 hobgoblins
  11 jackals
  8 kobolds
  2 quokkas
  7 bats
  A giant gecko zombie (D:7)
  3 giant newts
  A jackal skeleton (D:5)
  5 rats
152 creatures vanquished.

Vanquished Creatures (others)
  2 slaves (D:7)
  A scorpion (D:7)
3 creatures vanquished.

Grand Total: 155 creatures vanquished

Notes
Turn   | Place    | Note
--------------------------------------------------------------
     0 | D:1      | esc the Deep Elf Fire Elementalist began the quest for the Orb.
     0 | D:1      | Reached XP level 1. HP: 10/10 MP: 6/6
   164 | D:1      | Reached XP level 2. HP: 15/15 MP: 5/8
   658 | D:1      | Reached XP level 3. HP: 19/19 MP: 5/9
   958 | D:2      | Found a stormy altar of Qazlal.
   958 | D:2      | Noticed an air elemental
   959 | D:2      | Noticed a water elemental
   959 | D:2      | Noticed a fire elemental
   959 | D:2      | Noticed an earth elemental
  1121 | D:2      | Reached skill level 1 in Short Blades
  1412 | D:2      | Found a white marble altar of Elyvilon.
  1444 | D:2      | Reached skill level 1 in Fighting
  1509 | D:2      | Reached XP level 4. HP: 25/25 MP: 8/11
  1582 | D:2      | Noticed Robin
  1591 | D:2      | Killed Robin
  1762 | D:2      | Reached skill level 2 in Short Blades
  2050 | D:3      | Noticed Jessica
  2060 | D:3      | Killed Jessica
  2060 | D:3      | Reached skill level 2 in Fighting
  2060 | D:3      | Reached XP level 5. HP: 30/30 MP: 4/12
  2356 | D:4      | Reached skill level 3 in Short Blades
  2380 | D:4      | You fall through a shaft for 3 floors!
  2436 | D:7      | Noticed a centaur
  2495 | D:7      | Found a burning altar of Makhleb.
  2498 | D:7      | Found a glowing silver altar of Zin.
  2498 | D:7      | Noticed an Executioner
  2498 | D:7      | Noticed an angel
  2587 | D:7      | Noticed a centaur
  2688 | D:7      | Noticed a slave
  2821 | D:6      | Noticed a black bear
  2846 | D:6      | Noticed an orc warrior
  2912 | D:5      | Entered Level 5 of the Dungeon
  2912 | D:5      | Noticed a phantom
  2926 | D:5      | HP: 7/31 [adder (3)]
  2937 | D:5      | Reached skill level 2 in Conjurations
  2939 | D:5      | Noticed an ogre
  2952 | D:5      | Found a staircase to the Ecumenical Temple.
  2961 | Temple   | Entered the Ecumenical Temple
  2989 | Temple   | Became a worshipper of Vehumet
  3092 | D:5      | Reached skill level 4 in Fire Magic
  3110 | D:5      | Noticed a sky beast
  3124 | D:5      | Noticed Kilrog's ghost (novice HuFi)
  3135 | D:5      | Found Nineph's Magic Scroll Boutique.
  3141 | D:5      | HP: 7/31 [poisoned by an adder]
  3142 | D:5      | HP: 3/31 [adder (3)]
  3174 | D:4      | Reached XP level 6. HP: 25/36 MP: 5/13
  3467 | D:4      | Learned a level 2 spell: Throw Flame
  3530 | D:4      | Found Ablacen's Magic Scroll Boutique.
  3770 | D:4      | Bought a scroll of teleportation for 36 gold pieces
  3770 | D:4      | Bought a scroll of identify for 24 gold pieces
  3770 | D:4      | Bought a scroll of teleportation for 36 gold pieces
  3949 | D:5      | Reached skill level 4 in Spellcasting
  4008 | D:5      | Found a sacrificial altar of Ru.
  4009 | D:5      | Noticed an ice beast
  4036 | D:4      | Learned a level 3 spell: Conjure Flame
  4296 | D:5      | Killed an ice beast
  4296 | D:5      | Reached skill level 3 in Conjurations
  4760 | D:5      | Bought a scroll of teleportation for 42 gold pieces
  5215 | D:6      | HP: 9/36 [orc/tomahawk (8)]
  5246 | D:5      | HP: 3/36 [giant frog (7)]
  5256 | D:5      | HP: 6/36 [giant frog (6)]
  5259 | D:5      | HP: 2/36 [giant frog (4)]
  5359 | D:5      | Reached skill level 5 in Spellcasting
  5359 | D:5      | Reached skill level 5 in Fire Magic
  5359 | D:5      | Reached XP level 7. HP: 25/40 MP: 4/16
  5521 | D:5      | Found a glowing golden altar of the Shining One.
  5554 | D:5      | Found a basalt altar of Yredelemnul.
  5556 | D:5      | Noticed a profane servitor
  5568 | D:5      | Noticed an angel
  5705 | D:5      | Reached skill level 4 in Conjurations
  6047 | D:6      | Found an iron altar of Okawaru.
  6241 | D:6      | Learned a level 4 spell: Sticky Flame
  6385 | D:6      | Noticed Blork the orc
  6387 | D:6      | Reached skill level 6 in Spellcasting
  6607 | D:6      | Reached skill level 5 in Conjurations
  6607 | D:6      | Reached skill level 6 in Fire Magic
  6607 | D:6      | Reached XP level 8. HP: 37/45 MP: 14/19
  6725 | D:6      | Noticed a five-headed hydra
  7041 | D:6      | Found a shadowy altar of Dithmenos.
  7059 | D:6      | Found a sparkling altar of Nemelex Xobeh.
  7068 | D:6      | Found a shattered altar of Ashenzari.
  7263 | D:7      | Noticed Pikel
  7276 | D:7      | Killed Pikel
  7276 | D:7      | Reached skill level 7 in Spellcasting
  7276 | D:7      | Reached skill level 6 in Conjurations
  7437 | D:7      | Learned a level 5 spell: Fireball
  7477 | D:7      | Reached skill level 7 in Fire Magic
  7722 | D:7      | Got a twisted leather armour
  7733 | D:7      | Identified the +3 leather armour of the Eleven Dances {-Tele rPois Int+3} (You found it on level 7 of the Dungeon)
  7941 | D:7      | Reached skill level 8 in Spellcasting
  8226 | D:8      | Noticed Grum
  8352 | D:8      | Reached * piety under Vehumet
  8352 | D:8      | Offered knowledge of Magic Dart by Vehumet.
  8428 | D:8      | Noticed Erica
  8446 | D:8      | Killed Erica
  8446 | D:8      | Reached skill level 9 in Spellcasting
  8446 | D:8      | Reached skill level 7 in Conjurations
  8446 | D:8      | Reached skill level 8 in Fire Magic
  8446 | D:8      | Reached XP level 9. HP: 31/49 MP: 13/24
  8914 | D:8      | Killed Grum
  9093 | D:8      | Reached skill level 8 in Conjurations
  9194 | D:8      | Reached skill level 10 in Spellcasting
  9701 | D:8      | Reached skill level 9 in Fire Magic
  9942 | D:9      | Killed from afar by a hell hound

Skill      XL: |  1  2  3  4  5  6  7  8  9 |
---------------+----------------------------+-----
Short Blades   | 1 2 3 |  3.1
Fighting       | 1 2 |  2.3
Conjurations   | 2 3 5 7 8 |  8.5
Fire Magic     | 4 5 6 8 9 |  9.1
Spellcasting   | 5 6 9 10 | 10.4
Dodging        | |  2.9
Stealth        | |  2.4

Action                   |  1- 3 |  4- 6 |  7- 9 || total
-------------------------+-------+-------+-------++-------
Melee: Whip              |     7 |       |       ||     7
       Unarmed           |     1 |       |       ||     1
       Dagger            |     4 |    50 |    45 ||    99
       Trident           |       |    16 |       ||    16
 Cast: Flame Tongue      |    69 |   127 |    13 ||   209
       Throw Flame       |       |    36 |    58 ||    94
       Conjure Flame     |       |     4 |     3 ||     7
       Sticky Flame      |       |       |    42 ||    42
Evoke: Wand              |       |     2 |     3 ||     5
  Use: Scroll            |    10 |     6 |     5 ||    21
       Potion            |       |     4 |     2 ||     6
 Stab: Sleeping          |       |     2 |     5 ||     7
  Eat: Chunk             |     2 |     4 |     9 ||    15
       Fruit             |       |     2 |       ||     2
       Beef jerky        |       |     2 |       ||     2
       Pizza             |       |     2 |     1 ||     3
       Bread ration      |       |       |     1 ||     1
Armor: Robe              |     9 |    40 |     3 ||    52
       Leather armour    |       |       |    22 ||    22
Dodge: Dodged            |    30 |   133 |    69 ||   232

Vault maps used:
D:1:      dpeg_arrival_windows_large_door, hangedman_glass_teeth
D:2:      lemuel_coloured_pillars_altar, nicolae_qazlal_style_of_elements,
          nicolae_overflow_crystal_walls, uniq_robin
D:3:      uniq_jessica
D:4:      wad_pebble_path, serial_shops, shop, first_bread,
          kennysheep_generic_room_3
D:5:      grunt_temple_overflow_holy_war, overflow_temple_1_default,
          temple_fountains, serial_shops, nicolae_shop_statue_plus,
          kennysheep_generic_room_10
D:6:      nicolae_overflow_quartered_altars, uniq_blork_the_orc
D:7:      grunt_temple_overflow_order_and_chaos_2, uniq_pikel
D:8:      uniq_grum, uniq_erica
D:9:      kennysheep_mini_moat, minmay_lair_entry_lava, enter_bailey_2
Temple:   nicolae_temple_great_sept

Table legend:
 A = Turns spent in this place as a percentage of turns spent in the entire game.
 B = Non-inter-level travel turns spent in this place as a percentage of non-inter-level travel turns spent in the entire game.
 C = Inter-level travel turns spent in this place as a percentage of turns spent in this place.
 D = Turns resting spent in this place as a percentage of non-inter-level travel turns spent in this place.
 E = Turns spent auto-exploring this place as a percentage of non-inter-level travel turns spent in this place.
 F = Non-inter-level travel turns spent in this place divided by the number of levels of this place that you've seen.
                   A       B       C       D       E      F
               +-------+-------+-------+-------+-------+----------------------
         Total | 100.0 | 100.0 |   0.7 |   4.4 |   7.7 | 255.4
       Dungeon |  97.2 |  97.2 |   0.7 |   4.5 |   7.9 | 275.8
        Temple |   2.8 |   2.8 |   0.0 |   2.8 |   1.4 |  72.0
               +-------+-------+-------+-------+-------+----------------------

Table legend:
 A = Kills in this place as a percentage of kills in entire the game.
 B = Kills by you in this place as a percentage of kills by you in the entire game.
 C = Kills by friends in this place as a percentage of kills by friends in the entire game.
 D = Other kills in this place as a percentage of other kills in the entire game.
 E = Experience gained in this place as a percentage of experience gained in the entire game.
 F = Experience gained in this place divided by the number of levels of this place that you have seen.
                   A       B       C       D       E      F
               +-------+-------+-------+-------+-------+----------------------
         Total | 100.0 | 100.0 |  -nan |  -nan | 100.0 | 525.5
       Dungeon | 100.0 | 100.0 |  -nan |  -nan | 100.0 | 583.9
               +-------+-------+-------+-------+-------+----------------------
